 Dungeon Crawl Stone Soup version 0.31-a0-198-g2ad674f65e (webtiles) character file.

Game seed: 15007817976194345029

140 porpoise the Shooter (level 5, -1/32 HPs)
             Began as a Tengu Hunter on June 25, 2023.
             Slain by an iguana (12 damage)
             ... on level 4 of the Dungeon.
             The game lasted 00:06:22 (2423 turns).

porpoise the Shooter (Tengu Hunter)                 Turns: 2423, Time: 00:06:23

Health: -1/32      AC:  3    Str: 11    XL:     5   Next: 22%
Magic:  6/6        EV: 14    Int:  9    God:
Gold:   202        SH:  0    Dex: 20    Spells: 4/4 levels left

rFire   . . .        b - +0 dagger
rCold   . . .        (no shield)
rNeg    . . .        c - +0 leather armour
rPois   .            (helmet restricted)
rElec   .            (no cloak)
rCorr   .            (no gloves)
SInv    .            (boots unavailable)
Will    .....        (no amulet)
Stlth   ++           (no ring)
HPRegen 0.25/turn    (no ring)
MPRegen 0.10/turn

%: no passive effects
@: flying quickly and evasively, quick
A: beak, talons 3, nimble flight
a: no special abilities


You were on level 4 of the Dungeon.
You visited 1 branch of the dungeon, and saw 4 of its levels.

You collected 202 gold pieces.

Inventory:

Hand Weapons
 a - a +0 shortbow
 b - a +0 dagger (weapon)
 w - the +9 falchion "Weipyof" {flame, rPois}
   (You found it on level 3 of the Dungeon)

   rPois:     It protects you from poison.
Armour
 c - a +0 leather armour (worn)
 k - the -1 pair of gloves of Vehumet's Benevolence {rPois rC+ SInv}
   (You found it on level 2 of the Dungeon)

   rC:        It protects you from cold.
   rPois:     It protects you from poison.
   SInv:      It lets you see invisible.
Jewellery
 m - a ring of ice
Wands
 q - a wand of iceblast (13)
Scrolls
 d - a scroll of poison {unknown}
 e - a scroll of fog
 f - a scroll of blinking {unknown}
 g - a scroll of butterflies
 l - a scroll of brand weapon {unknown}
 o - a scroll of teleportation {unknown}
 s - a scroll of vulnerability {unknown}
 t - a scroll of revelation {unknown}
Potions
 h - a potion of heal wounds
 i - a potion of attraction
 j - a potion of ambrosia
 n - a potion of curing
 p - a potion of haste
 r - a potion of cancellation {unknown}
 u - a potion of enlightenment {unknown}


   Skills:
 + Level 3.1 Fighting
 * Level 5.8 Ranged Weapons
 - Level 2.1 Dodging
 + Level 2.6 Stealth


You had 4 spell levels left.
You didn't know any spells.
Your spell library contained the following spells:

 Spells                   Type           Power      Damage    Failure   Level
 Apportation              Tloc           0%         N/A       47%         1
 Cigotuvi's Dreadful Rot  Necr/Pois/Air  0%         N/A       63%         2
 Poisonous Vapours        Pois/Air       0%         N/A       63%         2
 Ignite Poison            Fire/Tmut/Pois 0%         N/A       85%         3
 Mephitic Cloud           Conj/Pois/Air  0%         N/A       85%         3
 Alistair's Intoxication  Tmut/Pois      0%         N/A       100%        5
 Freezing Cloud           Conj/Ice/Air   0%         6-21      100%        5


Dungeon Overview and Level Annotations

Branches:
Dungeon (4/15)
 Temple: D:4-7

Altars:

Shops:
D:3 *


Innate Abilities, Weirdness & Mutations

You have a beak for a mouth.
You have claws for feet.
Your magical nature lets you fly swiftly and evasively.


Message History

The orc barely misses you.
You barely miss the orc. Your kick misses the orc. You peck the orc.
You kill the orc!
A hobgoblin comes into view.
The hobgoblin shouts!
You hit the iguana but do no damage. You peck the iguana, but do no damage.
The iguana bites you.
You hit the iguana. You claw the iguana, but do no damage.
You peck the iguana, but do no damage.
The iguana is lightly wounded.
The iguana closely misses you.
You hit the iguana but do no damage. You claw the iguana.
You peck the iguana, but do no damage.
The iguana is lightly wounded.
The iguana completely misses you.
You hit the iguana but do no damage. Your kick misses the iguana.
You peck the iguana, but do no damage.
The iguana is lightly wounded.
The iguana completely misses you.
You closely miss the iguana. Your peck misses the iguana.
The iguana is lightly wounded.
The iguana completely misses you.
You hit the iguana but do no damage. You peck the iguana.
The iguana is moderately wounded.
The iguana barely misses you.
You hit the iguana but do no damage. Your kick misses the iguana.
You peck the iguana, but do no damage.
The iguana is moderately wounded.
The iguana completely misses you.
You hit the iguana.
The iguana is moderately wounded.
The iguana hisses menacingly.
The iguana bites you.
You hit the iguana but do no damage. You claw the iguana, but do no damage.
The iguana is moderately wounded.
The iguana misses you.
You closely miss the iguana. You peck the iguana, but do no damage.
The iguana is moderately wounded.
The iguana bites you!
You die...

.o..... .## .#.....## ..#
.......$## #.# ...).....#
#.# ......h..# #.#
######## .........#
#.#####......# .........#
#....##......#
.........####.<).........#
..........gl@.#####......#
........####### #.....<#
##.....## ######## ######


You could see an iguana and a hobgoblin.

Vanquished Creatures
  A hound (D:4)
  2 adders (D:3)
  5 dart slugs
  3 orcs
  4 bats
  5 endoplasms
  2 giant cockroaches
  13 goblins
  5 hobgoblins
  A jackal (D:3)
  7 kobolds
  5 quokkas
  8 ball pythons
  4 frilled lizards
  10 rats
75 creatures vanquished.

Notes
Turn   | Place    | Note
-------+----------+-------------------------------------------
     0 | D:1      | porpoise the Tengu Hunter began the quest for the Orb.
     0 | D:1      | Reached XP level 1. HP: 12/12 MP: 2/2
    67 | D:1      | Reached XP level 2. HP: 17/17 MP: 3/3
   287 | D:1      | You fall into a shaft and drop 1 floor!
   301 | D:2      | Found a faded altar of an unknown god.
   404 | D:1      | Reached XP level 3. HP: 22/22 MP: 4/4
   450 | D:1      | Reached skill level 5 in Ranged Weapons
   998 | D:2      | Identified the -1 pair of gloves of Vehumet's Benevolence
                  | {rPois rC+ SInv}
  1466 | D:3      | Reached XP level 4. HP: 26/27 MP: 5/5
  1570 | D:3      | Found Gydairhi's General Store.
  2127 | D:3      | Identified the +9 falchion "Weipyof" {flame, rPois}
  2403 | D:4      | Gained mutation: Your magical nature lets you fly swiftly
                  | and evasively. [Tengu growth]
  2403 | D:4      | Reached XP level 5. HP: 13/32 MP: 6/6
  2423 | D:4      | Slain by an iguana

Illustrated notes

Levels and vault maps discovered:
D:1:      lemuel_arrival_broad_hall, layout_basic
D:2:      cheibrodos_greedy_goblins, layout_loops_ring,
          ebering_ecumenical_altar_sacrificial
D:3:      layout_loops_corners, serial_shops, shop, minmay_joined_circles
D:4:      layout_rooms, minmay_box_of_dots, uniq_ijyb

Skill      XL: |  1  2  3  4 |
---------------+-------------+-----
Ranged Weapons | 5 |  5.8
Stealth        | 2 |  2.6
Fighting       | 3 |  3.1
Dodging        | |  2.1

Action                     |  1- 3 |  4- 6 || total
---------------------------+-------+-------++-------
  Melee: Dagger            |     5 |    61 ||    66
         Peck              |     1 |    19 ||    20
         Kick              |     1 |    13 ||    14
         Punch             |       |     1 ||     1
   Fire: Shortbow          |   105 |    44 ||   149
    Use: Scroll            |     2 |     4 ||     6
 Armour: Leather armour    |    13 |     6 ||    19
  Dodge: Dodged            |    30 |    38 ||    68

Table legend: (Time is in decaauts)
 A = Elapsed time spent in this place.
 B = Non-inter-level travel time spent in this place.
 C = Inter-level travel time spent in this place.
 D = Time resting spent in this place.
 E = Time spent auto-exploring this place.
 F = Levels seen in this place.
 G = Mean time per level.
                   A        B        C        D        E       F      G
               +--------+--------+--------+--------+--------+-----+--------+
         Total |   2447 |   2375 |     72 |    237 |   1735 |   4 |  611.8 |
       Dungeon |   2447 |   2375 |     72 |    237 |   1735 |   4 |  611.8 |
               +--------+--------+--------+--------+--------+-----+--------+

Top non-repeatable levels by time:
     D:3: 1019 daAuts
     D:2: 803 daAuts
     D:1: 564 daAuts
     D:4: 60 daAuts
